 Dungeon Crawl Stone Soup version 0.29-a0-322-g68df515428 (webtiles) character file.

Game seed: 18335266248017092953

11634 bande the Cleaver (level 11, -2/69 HPs)
             Began as a Gargoyle Fighter on Apr 8, 2022.
             Slain by an eight-headed hydra (7 damage)
             ... on level 3 of the Lair of Beasts.
             The game lasted 00:26:01 (11946 turns).

bande the Cleaver (Gargoyle Fighter)               Turns: 11946, Time: 00:26:02

Health: -2/69      AC: 24    Str: 20    XL:     11   Next: 80%
Magic:  11/11      EV:  7    Int: 15    God:
Gold:   723        SH:  6    Dex: 15    Spells: 10/10 levels left

rFire   + + .      SeeInvis .   z - +2 war axe (venom)
rCold   + . .      Faith    .   c - +0 buckler
rNeg    + . .      Spirit   .   w - +3 chain mail of Liberty {+Inv rF+ Regen+}
rPois   ∞          Reflect  .   x - +2 hat
rElec   +          Harm     .   q - scarf {rC+ rF+}
rCorr   .          Rampage  .   (no gloves)
Will    .....                   (no boots)
Stlth   ..........              n - amulet of regeneration
HPRegen 1.81/turn               I - +6 ring of intelligence
MPRegen 0.12/turn               (no ring)

@: unable to read
A: sickness immunity, AC +8, negative energy resistance 1, electricity
resistance, torment resistance 1, petrification resistance, thin skeletal
structure 1, inability to read while threatened
a: Evoke Invisibility


You were on level 3 of the Lair of Beasts.
You visited 2 branches of the dungeon, and saw 11 of its levels.
You also visited: Sewer, Ossuary and Bailey.

You collected 723 gold pieces.

Inventory:

Hand Weapons
 a - a +0 war axe
 v - a +1 hand axe of flaming
 z - a +2 war axe of venom (weapon)
Missiles
 J - 3 throwing nets (quivered)
Armour
 c - a +0 buckler (worn)
 j - a +1 helmet
 q - a scarf of resistance (worn)
 w - the +3 chain mail of Liberty (worn) {+Inv rF+ Regen+}
   (You found it in a sewer)

   rF:        It protects you from fire.
   +Inv:      It lets you turn invisible.
   Regen:     It increases your rate of health regeneration.
 x - a +2 hat (worn)
 F - an orb of light
Jewellery
 n - an amulet of regeneration (around neck)
 r - an amulet of faith
 u - an amulet of magic regeneration
 y - an amulet of reflection
 I - a +6 ring of intelligence (left hand)
Wands
 b - a wand of flame (64)
 g - a wand of polymorph (6)
 A - a wand of iceblast (5)
 K - a wand of digging (6)
 L - a wand of paralysis (4)
Scrolls
 e - 10 scrolls of teleportation
 h - 4 scrolls of enchant armour
 m - a scroll of silence
 o - 4 scrolls of fog
 C - a scroll of blinking
 D - 2 scrolls of fear
 E - a scroll of enchant weapon
 M - a scroll of identify
Potions
 d - 2 potions of might
 f - 7 potions of heal wounds
 k - 3 potions of flight
 l - 2 potions of curing
 p - 4 potions of brilliance
 s - 9 potions of magic
 t - a potion of cancellation {unknown}
 B - 2 potions of invisibility
 G - a potion of resistance
 H - 3 potions of haste
Miscellaneous
 i - a piece from Xom's chessboard (15/15)


   Skills:
 + Level 8.6 Fighting
 + Level 11.3 Axes
 + Level 9.7 Armour
 - Level 0.1 Dodging
 - Level 0.2 Stealth
 + Level 6.3 Shields
 * Level 6.3 Evocations


You had 10 spell levels left.
You didn't know any spells.
Your spell library contained the following spells:

 Spells                   Type           Power      Damage    Failure   Level
 Dazzling Flash           Conj/Hex       0%         N/A       100%        3
 Ozocubu's Armour         Ice            0%         N/A       100%        3
 Agony                    Necr           0%         N/A       100%        5
 Silence                  Hex/Air        0%         N/A       100%        5
 Ozocubu's Refrigeration  Ice            0%         4d5       100%        7


Dungeon Overview and Level Annotations

Branches:
Dungeon (8/15)             Temple (0/1) D:6            Lair (3/6) D:8
  Sewer (visited)         Ossuary (visited)          Bailey (visited)
  Swamp: Lair:2-4    Shoals: Lair:2-4     Snake: Lair:2-4    Spider: Lair:2-4

Altars:
Ru
Wu Jian

Shops:
D:6 ?


Innate Abilities, Weirdness & Mutations

You are immune to sickness and miasma.
Your stone body is resilient. (AC +8)
You are immune to poison.
You resist negative energy. (rN+)
You are resistant to electric shocks. (rElec)
You are resistant to unholy torment.
You are immune to petrification.
You have a somewhat thin skeletal structure. (Dex +2, Stealth+)
You sometimes lose the ability to read scrolls when taking damage.


Message History

The eight-headed hydra bites you.
* * * LOW HITPOINT WARNING * * *
The eight-headed hydra bites you.
* * * LOW HITPOINT WARNING * * *
The eight-headed hydra bites you but does no damage. x3
You block the eight-headed hydra's attack. x2
The komodo dragon attacks as you move away!
The komodo dragon barely misses you. The steam dragon breathes steam at you.
The ball of steam hits you but does no damage.
You resist.
The komodo dragon attacks as you move away!
You block the komodo dragon's attack.
The eight-headed hydra is engulfed in a cloud of scalding steam.
Unknown command.
The komodo dragon is engulfed in a cloud of scalding steam.
The eight-headed hydra attacks as you move away!
The eight-headed hydra bites you but does no damage. x5
The eight-headed hydra bites you.
The eight-headed hydra closely misses you.
The eight-headed hydra bites you.
* * * LOW HITPOINT WARNING * * *
The swamp worm is engulfed in a cloud of scalding steam.
You can read scrolls again.
The komodo dragon attacks as you move away!
The komodo dragon bites you!!
You feel threatened and lose the ability to read scrolls!
* * * LOW HITPOINT WARNING * * *
You feel much better. The komodo dragon bites you!
* * * LOW HITPOINT WARNING * * *
The eight-headed hydra attacks as you move away!
The eight-headed hydra barely misses you.
The eight-headed hydra bites you but does no damage.
The eight-headed hydra bites you!
* * * LOW HITPOINT WARNING * * *
The eight-headed hydra closely misses you.
The eight-headed hydra bites you!
* * * LOW HITPOINT WARNING * * *
The eight-headed hydra bites you!
You die...

#..##.#.###.........#
#..P........#...8...#
##..+.#.P...#.......##
####.......#D8...8..#
##.+.#..#.......####
#..)#####w..8...##.#
#..##.###.......#.##
##.###.#lD.##.....#####
#.......#.@.###.........# #
........#...#...#...8...# #
P...........##...###..#.###
.......#...#....#.##+.#..##
......##..##+.###........##
P.....#...###.....#...#..##
#......†<†.#####.#..####...
#.....#...## #....## ####
#....##.### #.....## ###


You could see an eight-headed hydra, a komodo dragon, a swamp worm and a steam
dragon.

Vanquished Creatures
  Harold (Lair:1)
  3 black mambas (Lair:1)
  3 elephants (Lair:3)
  Maurice (D:8)
  2 cane toads (Lair:1)
  2 komodo dragons (Lair:1)
  A polar bear (Lair:1)
  A wraith (Ossuary)
  2 wyverns
  2 basilisks (Lair:1)
  17 yaks
  Duvessa (D:6)
  4 water moccasins
  2 orc warriors
  Pargi (Sewer)
  3 black bears
  A sky beast (D:7)
  An ogre (D:5)
  A centaur (D:7)
  5 wolves
  A phantom (D:4)
  Blork the orc (D:4)
  A kobold brigand (D:5)
  6 bullfrogs
  A gnoll sergeant (D:8)
  4 scorpions
  5 wights
  Dowan (D:6)
  3 killer bees (D:8)
  2 howler monkeys
  A jelly (D:6)
  5 hounds
  2 gnoll shamans (D:5)
  A human zombie (Ossuary)
  2 orc priests (D:6)
  4 iguanas
  8 orc wizards
  3 mummies (Ossuary)
  23 gnolls
  8 adders
  3 white imps
  3 ufetubi
  A worm (D:4)
  5 dart slugs
  44 orcs
  4 endoplasms
  A giant cockroach (D:2)
  A gnoll zombie (Ossuary)
  11 goblins
  16 hobgoblins
  A jackal (D:2)
  15 kobolds
  3 quokkas
  10 ball pythons
  17 bats
  3 frilled lizards (D:2)
  A goblin zombie (Ossuary)
  5 hobgoblin zombies (Ossuary)
  A kobold zombie (Ossuary)
  9 rats
290 creatures vanquished.

Vanquished Creatures (others)
  A fungus (Lair:2)
  11 plants
12 creatures vanquished.

Grand Total: 302 creatures vanquished

Notes
Turn   | Place    | Note
-------+----------+-------------------------------------------
     0 | D:1      | bande the Gargoyle Fighter began the quest for the Orb.
     0 | D:1      | Reached XP level 1. HP: 14/14 MP: 1/1
   244 | D:1      | Reached XP level 2. HP: 19/19 MP: 2/2
   272 | D:1      | Reached skill level 2 in Axes
   831 | D:1      | Reached XP level 3. HP: 23/23 MP: 3/3
  1415 | D:2      | Found a faded altar of an unknown god.
  1480 | D:3      | Reached XP level 4. HP: 27/29 MP: 4/4
  2328 | D:4      | Reached skill level 3 in Axes
  2371 | D:4      | Reached XP level 5. HP: 11/33 MP: 5/5
  3887 | D:4      | Reached XP level 6. HP: 36/38 MP: 6/6
  3981 | D:4      | Reached skill level 4 in Axes
  4914 | D:3      | Reached XP level 7. HP: 26/44 MP: 7/7
  4917 | D:3      | Reached skill level 5 in Axes
  4918 | D:3      | Reached skill level 5 in Armour
  5344 | D:4      | Noticed Blork the orc
  5355 | D:4      | Killed Blork the orc
  5867 | D:5      | Entered Level 5 of the Dungeon
  5887 | D:5      | Reached skill level 5 in Fighting
  5887 | D:5      | Reached XP level 8. HP: 31/49 MP: 8/8
  6083 | D:5      | Reached skill level 6 in Axes
  6199 | D:5      | Found a sacrificial altar of Ru.
  6328 | D:5      | Found a glowing drain.
  6340 | Sewer    | Entered a sewer
  6367 | Sewer    | Noticed Pargi
  6389 | Sewer    | Killed Pargi
  6413 | Sewer    | Identified the +3 chain mail of Liberty {+Inv rF+ Regen+}
  6626 | D:6      | Found a staircase to the Ecumenical Temple.
  6646 | D:6      | Reached skill level 7 in Axes
  6646 | D:6      | Reached skill level 1 in Evocations
  6752 | D:6      | Found Ydo Hocw's Magic Scroll Emporium.
  6897 | D:6      | Reached XP level 9. HP: 54/54 MP: 9/9
  7007 | D:6      | Noticed Duvessa
  7036 | D:6      | Found a sand-covered staircase.
  7040 | Ossuary  | Entered an ossuary
  7066 | Ossuary  | Reached skill level 5 in Shields
  7484 | D:6      | Killed Duvessa
  7512 | D:6      | Noticed Dowan
  7539 | D:6      | Killed Dowan
  7714 | D:7      | Gained mutation: You are frail. (-10% HP) [potion of
                  | mutation]
  7714 | D:7      | Gained mutation: You have a beak for a mouth. [potion of
                  | mutation]
  7715 | D:7      | Lost mutation: You are frail. (-10% HP) [potion of
                  | mutation]
  7715 | D:7      | Lost mutation: You have a beak for a mouth. [potion of
                  | mutation]
  7715 | D:7      | Gained mutation: You are occasionally teleported next to
                  | monsters. [potion of mutation]
  7715 | D:7      | Gained mutation: Your natural rate of healing is unusually
                  | fast. [potion of mutation]
  7716 | D:7      | Lost mutation: Your natural rate of healing is unusually
                  | fast. [potion of mutation]
  7716 | D:7      | Lost mutation: You are occasionally teleported next to
                  | monsters. [potion of mutation]
  7716 | D:7      | Gained mutation: Your mind is acute. (Int +2) [potion of
                  | mutation]
  7716 | D:7      | Gained mutation: Your magical capacity is low. (-10% MP)
                  | [potion of mutation]
  7716 | D:7      | Gained mutation: Your body sometimes deteriorates upon
                  | taking damage. [potion of mutation]
  7717 | D:7      | Lost mutation: Your mind is acute. (Int +2) [potion of
                  | mutation]
  7717 | D:7      | Lost mutation: Your magical capacity is low. (-10% MP)
                  | [potion of mutation]
  7717 | D:7      | Gained mutation: You have sharp toenails. [potion of
                  | mutation]
  7988 | D:7      | Reached skill level 8 in Axes
  8543 | D:8      | Found a flagged portal.
  8560 | Bailey   | Entered a bailey
  8737 | Bailey   | Lost mutation: You have sharp toenails. [potion of
                  | mutation]
  8737 | Bailey   | Lost mutation: Your body sometimes deteriorates upon taking
                  | damage. [potion of mutation]
  8737 | Bailey   | Gained mutation: You sometimes lose the ability to read
                  | scrolls when taking damage. [potion of mutation]
  8737 | Bailey   | Gained mutation: Your spells are a little harder to cast,
                  | but a little more powerful. [potion of mutation]
  8737 | Bailey   | Gained mutation: You have a somewhat thin skeletal
                  | structure. (Dex +2, Stealth+) [potion of mutation]
  8737 | Bailey   | Gained mutation: Your large and strong wings let you fly.
                  | [potion of mutation]
  8738 | Bailey   | Lost mutation: Your large and strong wings let you fly.
                  | [potion of mutation]
  8738 | Bailey   | Lost mutation: Your spells are a little harder to cast, but
                  | a little more powerful. [potion of mutation]
  8738 | Bailey   | Lost mutation: You sometimes lose the ability to read
                  | scrolls when taking damage. [potion of mutation]
  8738 | Bailey   | Gained mutation: You sometimes lose the ability to read
                  | scrolls when taking damage. [potion of mutation]
  9104 | D:8      | Reached XP level 10. HP: 61/61 MP: 10/10
  9114 | D:8      | Found a staircase to the Lair.
  9318 | D:8      | Reached skill level 9 in Axes
  9563 | D:8      | Noticed Maurice
  9581 | D:8      | Killed Maurice
  9831 | Lair:1   | Entered Level 1 of the Lair of Beasts
  9853 | Lair:1   | Noticed a black mamba
  9858 | Lair:1   | Killed a black mamba
  9980 | Lair:1   | Noticed a cane toad
  9996 | Lair:1   | Killed a cane toad
 10162 | Lair:1   | Noticed Harold
 10177 | Lair:1   | Reached skill level 10 in Axes
 10178 | Lair:1   | Killed Harold
 10179 | Lair:1   | Reached skill level 5 in Evocations
 10179 | Lair:1   | Reached XP level 11. HP: 67/67 MP: 11/11
 10277 | Lair:1   | Found a gate leading to a gauntlet.
 10515 | Lair:1   | Found an ornate altar of the Wu Jian Council.
 10978 | Lair:2   | Identified the +1 plate armour of the Forest {Rampage rF-
                  | Regen+ Int-3}
 11047 | Lair:2   | Reached skill level 11 in Axes
 11920 | Lair:3   | Noticed a seven-headed hydra
 11946 | Lair:3   | Slain by an eight-headed hydra

Illustrated notes

Levels and vault maps discovered:
D:1:      dpeg_arrival_three_smaller_balls, layout_basic
D:2:      minmay_diamond_boxcup, layout_rooms,
          hellmonk_ecumenical_altar_leap_of_faith
D:3:      layout_loops_ring
D:4:      corexii_shantytown, layout_basic, uniq_blork_the_orc
D:5:      layout_basic, lemuel_tele_altar, portal_sewer_entry_b,
          minmay_misc_feat_more_columns, nicolae_grassy_gnolls
D:6:      nicolae_BIG_FREAKIN_CUBE, layout_basic,
          minmay_temple_entry_statues_fountains, enter_ossuary_5, serial_shops,
          nicolae_shop_window_shopping, uniq_duvessa
D:7:      layout_basic, serial_curves, eino_curves_04, eino_curves_01,
          eino_curves_01, hellmonk_bongcloud_opening
D:8:      layout_basic, dpeg_oklobed_lair, enter_bailey_4, uniq_maurice
Lair:1:   layout_regular_city, basic_altar, gauntlet_entry_generic,
          nicolae_volcano_entry_s_turn, minivault_24,
          chequers_serial_rivers_small_a, guppyfry_lair_drakes, uniq_harold
Lair:2:   layout_cave_pods
Lair:3:   layout_roguey, palyth_hydra_swamp_entry, pond, grunt_megastairs_4

Skill      XL: |  1  2  3  4  5  6  7  8  9 10 11 |
---------------+----------------------------------+-----
Axes           | 2 3 4 5 7 8 10 11 | 11.3
Armour         | 4 5 6 7 8 9 |  9.7
Fighting       | 4 5 6 7 8 |  8.6
Shields        | 4 5 6 |  6.3
Evocations     | 1 3 5 6 |  6.3
Dodging        | |  0.1
Stealth        | |  0.2

Action                   |  1- 3 |  4- 6 |  7- 9 | 10-12 || total
-------------------------+-------+-------+-------+-------++-------
Melee: War axe           |   122 |   210 |   361 |   252 ||   945
       Kick              |       |       |    32 |       ||    32
  Use: Scroll            |     7 |       |    11 |     4 ||    22
       Potion            |       |       |     6 |     1 ||     7
Armor: Scale mail        |   101 |   124 |    90 |       ||   315
       Chain mail        |       |       |   216 |   265 ||   481
Dodge: Dodged            |    59 |   135 |   155 |   123 ||   472
Block: Buckler           |    28 |    48 |    88 |    84 ||   248

Table legend: (Time is in decaauts)
 A = Elapsed time spent in this place.
 B = Non-inter-level travel time spent in this place.
 C = Inter-level travel time spent in this place.
 D = Time resting spent in this place.
 E = Time spent auto-exploring this place.
 F = Levels seen in this place.
 G = Mean time per level.
                   A        B        C        D        E       F      G
               +--------+--------+--------+--------+--------+-----+--------+
         Total |  12166 |  11964 |    202 |   2253 |   6936 |  14 |  869.0 |
       Dungeon |   9142 |   8940 |    202 |   2253 |   4881 |   8 | 1142.8 |
          Lair |   2117 |   2117 |      0 |      0 |   1573 |   3 |  705.7 |
         Sewer |    125 |    125 |      0 |      0 |     23 |   1 |  125.0 |
       Ossuary |    442 |    442 |      0 |      0 |    301 |   1 |  442.0 |
        Bailey |    338 |    338 |      0 |      0 |    157 |   1 |  338.0 |
               +--------+--------+--------+--------+--------+-----+--------+

Top non-repeatable levels by time:
     D:4: 2319 daAuts
     D:3: 2174 daAuts
     D:8: 1019 daAuts
  Lair:1: 1017 daAuts
  Lair:2: 925 daAuts
     D:1: 858 daAuts
     D:7: 798 daAuts
     D:6: 745 daAuts
     D:2: 658 daAuts
     D:5: 566 daAuts
 Ossuary: 442 daAuts
  Bailey: 338 daAuts
  Lair:3: 174 daAuts
   Sewer: 125 daAuts
